 Dungeon Crawl Stone Soup version 0.31-a0-183-g4352c244c2 (webtiles) character file.

Game seed: 6503583852718538837

123 Hajna the Sneak (level 4, -5/24 HPs)
             Began as a Deep Elf Enchanter on June 22, 2023.
             Slain by Menkaure (17 damage)
             ... on level 4 of the Dungeon.
             The game lasted 00:06:22 (3055 turns).

Hajna the Sneak (Deep Elf Enchanter)                Turns: 3055, Time: 00:06:23

Health: -5/24      AC:  2    Str:  5    XL:     4   Next: 79%
Magic:  8/11       EV: 13    Int: 20    God:
Gold:   57         SH:  0    Dex: 17    Spells: 0/10 levels left

rFire   . . .        a - +1 dagger
rCold   . . .        (no shield)
rNeg    . . .        b - +0 robe
rPois   .            (no helmet)
rElec   .            (no cloak)
rCorr   .            (no gloves)
SInv    .            (no boots)
Will    .....        (no amulet)
Stlth   +++          (no ring)
HPRegen 0.24/turn    (no ring)
MPRegen 0.12/turn

%: no passive effects
@: confusing by touch
A: no striking features
a: no special abilities


You were on level 4 of the Dungeon.
You visited 1 branch of the dungeon, and saw 4 of its levels.

You collected 57 gold pieces.

Inventory:

Hand Weapons
 a - a +1 dagger (weapon)
Missiles
 j - 6 poisoned darts
 n - 6 datura-tipped darts
Armour
 b - a +0 robe (worn)
Wands
 m - a wand of roots (10)
Scrolls
 d - 2 scrolls of identify {unknown}
 e - a scroll of fog {unknown}
 f - 3 scrolls of immolation {unknown}
 g - a scroll of revelation {unknown}
 h - a scroll of enchant armour {unknown}
 i - a scroll of enchant weapon {unknown}
 k - a scroll of blinking {unknown}
 o - 3 scrolls of amnesia {unknown}
Potions
 c - 2 potions of invisibility
 l - a potion of curing {unknown}


   Skills:
 + Level 0.2 Fighting
 + Level 1.4 Short Blades
 * Level 2.9 Dodging
 * Level 5.8 Stealth
 + Level 3.6 Spellcasting
 + Level 4.4 Hexes
 + Level 0.9 Ice Magic


You couldn't memorise any spells.
You knew the following spells:

 Your Spells              Type           Power      Damage    Failure   Level
a - Ensorcelled Hibernat  Hex/Ice        28%        N/A       7%          2
b - Confusing Touch       Hex            21%        N/A       6%          3
c - Tukima's Dance        Hex            21%        N/A       6%          3
d - Summon Small Mammal   Summ           12%        N/A       14%         1
e - Necrotise             Necr           12%        1d4       14%         1

Your spell library contained the following spells:

 Spells                   Type           Power      Damage    Failure   Level
 Apportation              Tloc           6%         N/A       14%         1
 Sting                    Tmut/Pois      12%        1d3       14%         1
 Dazzling Flash           Conj/Hex       24%        N/A       16%         3
 Poisonous Vapours        Pois/Air       6%         N/A       21%         2
 Manifold Assault         Tloc           3%         N/A       80%         4
 Olgreb's Toxic Radiance  Pois           3%         N/A       80%         4
 Dispersal                Tloc           1%         N/A       100%        6
 Disjunction              Tloc           1%         N/A       100%        8


Dungeon Overview and Level Annotations

Branches:
Dungeon (4/15)
 Temple: D:4-7

Altars:
Gozag
Okawaru

Shops:
D:2 =

Annotations:
D:4 Menkaure


Message History

Aim: a goblin, wielding a +0 spear (moderately wounded, chance to affect: 62%)
The goblin writhes in agony.
You kill the goblin!
The dead are walking!
Casting: Necrotise (safe; 14% risk of failure)
Confirm with . or Enter, or press ? or * to list all spells.
Aiming: Necrotise (safe; 14% risk of failure)
Press: ? - help, Shift-Dir - straight line, f - goblin
Aim: a goblin, wielding a +0 spear (ally target, chance to affect: 62%)
The goblin writhes in agony.
Casting: Necrotise (safe; 14% risk of failure)
Confirm with . or Enter, or press ? or * to list all spells.
Aiming: Necrotise (safe; 14% risk of failure)
Press: ? - help, Shift-Dir - straight line, f/p - goblin
Aim: a goblin, wielding a +0 spear (severely wounded, ally target, chance to affect: 62%)
The goblin writhes in agony.
You kill the goblin!
The dead are walking!
Your goblin skeleton crumbles into dust!
Your goblin skeleton crumbles into dust!
You see here a +0 robe.
Done exploring.
Done exploring.
(D) Dungeon
Where to? (Enter - D:2 @ (x,y), ? - help)
There is a stone staircase leading down here.
You climb downwards.
Menkaure shouts!
Found 7 stones, 13 gold pieces and a smoky clear potion.
There is a stone staircase leading up here.
Menkaure is nearby!
Casting: Necrotise (safe; 14% risk of failure)
Confirm with . or Enter, or press ? or * to list all spells.
The spell is quite dangerous to miscast (6% risk of failure)!
Continue anyway?
Your hands begin to glow red.
Menkaure hits you!
Ouch! That really hurt!
You barely miss Menkaure. Menkaure hits you!
Ouch! That really hurt!
You die...

.... ....#
.... .!..#
#.... #...#
#....##...+
..........#
........$.#
.(.......M#
.......<@.#
#....##...#
### #...#
#...# #...#
#...# #####


You could see Menkaure.

Vanquished Creatures
  Ijyb (D:3)
  Robin (D:3)
  2 adders (D:2)
  2 dart slugs
  5 ball pythons (D:2)
  2 endoplasms (D:2)
  6 giant cockroaches
  18 goblins
  9 hobgoblins
  4 kobolds
  A quokka (D:2)
  6 bats
  2 frilled lizards
  3 rats
62 creatures vanquished.

Notes
Turn   | Place    | Note
-------+----------+-------------------------------------------
     0 | D:1      | Hajna the Deep Elf Enchanter began the quest for the Orb.
     0 | D:1      | Reached XP level 1. HP: 10/10 MP: 6/6
   323 | D:1      | Reached skill level 4 in Stealth
   336 | D:1      | Reached XP level 2. HP: 13/15 MP: 8/8
   339 | D:1      | Learned a level 2 spell: Ensorcelled Hibernation
   909 | D:1      | Reached XP level 3. HP: 13/19 MP: 6/9
  1092 | D:2      | Found Bijas's Jewellery Shoppe.
  1613 | D:2      | Found a faded altar of an unknown god.
  1712 | D:2      | Found an opulent altar of Gozag.
  1725 | D:2      | Reached skill level 5 in Stealth
  1897 | D:2      | Reached XP level 4. HP: 24/24 MP: 11/11
  2192 | D:3      | Noticed Robin
  2212 | D:3      | Killed Robin
  2393 | D:3      | Noticed Ijyb
  2398 | D:3      | Killed Ijyb
  2885 | D:3      | Found an iron altar of Okawaru.
  2905 | D:3      | Learned a level 3 spell: Confusing Touch
  2909 | D:3      | Learned a level 3 spell: Tukima's Dance
  2911 | D:3      | Learned a level 1 spell: Summon Small Mammal
  2921 | D:3      | Learned a level 1 spell: Necrotise
  3052 | D:4      | Noticed Menkaure
  3055 | D:4      | Slain by Menkaure

Illustrated notes

Levels and vault maps discovered:
D:1:      eino_arrival_cavern_d, layout_loops_corners
D:2:      layout_loops_corners, nicolae_ecumenical_snake_handling, serial_shops,
          shop_fountains, basic_altar, minmay_misc_feat_secret_circle
D:3:      layout_loops_ring, kennysheep_okawaru_gauntlet,
          kennysheep_cluttered_room, chequers_serial_rivers_micro_e, uniq_ijyb,
          uniq_robin
D:4:      layout_gridville, mainiacjoe_overflow_cross_hatched,
          minmay_misc_feat_plants, minmay_gold_behind_fungi, uniq_menkaure,
          uniq_grinder, uniq_sigmund

Skill      XL: |  1  2  3 |
---------------+----------+-----
Stealth        | 4 5 |  5.8
Fighting       | |  0.2
Short Blades   | |  1.4
Dodging        | |  2.9
Spellcasting   | |  3.6
Hexes          | |  4.4
Ice Magic      | |  0.9

Action                     |  1- 3 |  4- 6 || total
---------------------------+-------+-------++-------
  Melee: Dagger            |    76 |    39 ||   115
         Punch             |     1 |       ||     1
   Cast: Ensorcelled Hiber |    25 |    14 ||    39
         Necrotise         |       |     4 ||     4
         Confusing Touch   |       |     1 ||     1
   Stab: Sleeping          |    34 |    10 ||    44
 Armour: Robe              |    11 |     4 ||    15
  Dodge: Dodged            |    33 |    16 ||    49

Table legend: (Time is in decaauts)
 A = Elapsed time spent in this place.
 B = Non-inter-level travel time spent in this place.
 C = Inter-level travel time spent in this place.
 D = Time resting spent in this place.
 E = Time spent auto-exploring this place.
 F = Levels seen in this place.
 G = Mean time per level.
                   A        B        C        D        E       F      G
               +--------+--------+--------+--------+--------+-----+--------+
         Total |   3050 |   2955 |     95 |      0 |   2429 |   4 |  762.5 |
       Dungeon |   3050 |   2955 |     95 |      0 |   2429 |   4 |  762.5 |
               +--------+--------+--------+--------+--------+-----+--------+

Top non-repeatable levels by time:
     D:2: 1033 daAuts
     D:3: 1032 daAuts
     D:1: 981 daAuts
     D:4: 2 daAuts
